 Dungeon Crawl Stone Soup version 0.28-a0-1002-gf00fe891ef (webtiles) character file.

Game seed: 3410134737567483437

247 ytrimaz the Insei (level 6, 0/39 HPs)
             Began as an Octopode Transmuter on Dec 7, 2021.
             Was an Initiate of Ashenzari.
             Frozen to death by an endoplasm (1 damage)
             ... on level 4 of the Dungeon.
             The game lasted 00:02:53 (4037 turns).

ytrimaz the Insei (Octopode Transmuter)             Turns: 4037, Time: 00:02:54

Health: 0/39       AC:  3    Str:  9    XL:     6   Next: 11%
Magic:  9/11       EV: 13    Int: 18    God:    Ashenzari [......]
Gold:   137        SH:  0    Dex: 12    Spells: 7/11 levels left

rFire   . . .      SeeInvis .     - Unarmed
rCold   . . .      Faith    .   (no shield)
rNeg    . . .      Spirit   .   (helmet currently unavailable)
rPois   .          Reflect  .   (no amulet)
rElec   .          Harm     .   (no ring)
rCorr   .          Rampage  .   (no ring)
Will    .....                   (no ring)
Stlth   ++........              (no ring)
HPRegen 0.00/turn               (no ring)
MPRegen 0.12/turn               (no ring)
                                (no ring)
                                (no ring)

@: appendages, inhibited regen
A: tentacle spike 3, almost no armour, amphibious, 8 rings, camouflage 1,
gelatinous body 1, (nimble swimmer 1), tentacles, iridescent scales 1, inhibited
regeneration
a: End Transformation, Renounce Religion, Curse Item


You were on level 4 of the Dungeon.
You worshipped Ashenzari.
Ashenzari was noncommittal.
One of your tentacles had grown a beastly spike.
You visited 1 branch of the dungeon, and saw 4 of its levels.

You collected 137 gold pieces.

Inventory:

Wands
 c - a wand of iceblast (7)
Scrolls
 b - 2 scrolls of fear
 e - 2 scrolls of identify
 g - a scroll of magic mapping
Potions
 a - a potion of brilliance
 f - a potion of lignification


   Skills:
 * Level 2.2 Fighting
 - Level 2.0 Dodging
 + Level 4.5 Unarmed Combat
 * Level 3.4 Spellcasting
 * Level 3.3 Transmutations


You had 7 spell levels left.
You knew the following spells:

 Your Spells              Type           Power      Damage    Failure   Level
a - Beastly Appendage     Tmut           30%        N/A       4%          1
b - Spider Form           Tmut/Pois      9%         N/A       24%         3

Your spell library contained the following spells:

 Spells                   Type           Power      Damage    Failure   Level
 Wereblood                Tmut           15%        N/A       6%          2
 Ice Form                 Ice/Tmut       9%         N/A       61%         4


Dungeon Overview and Level Annotations

Branches:
Dungeon (4/15)
 Temple: D:4-7

Altars:
Ashenzari

Shops:
D:4 !


Innate Abilities, Weirdness & Mutations

One of your tentacles has grown a beastly spike.
You cannot wear most types of armour.
You are amphibious.
You can wear up to eight rings at the same time.
Your skin changes colour to match your surroundings (Stealth+).
Your rubbery body absorbs attacks. (AC +1, EV +1)
((You are camouflaged near water. (Stealth+)))
You have tentacles for arms and can constrict up to eight enemies at once.
You are partially covered in iridescent scales. (AC +2)
You do not regenerate when monsters are visible.


Message History

Your tentacle spike misses the scorpion.
The scorpion is severely wounded.
You feel sick.
The kobold shouts!
The scorpion stings you.
You tentacle-slap the scorpion but do no damage.
You grab the scorpion.
The scorpion is severely wounded.
You constrict the scorpion, but do no damage.
You feel sick. The scorpion stings you!
* * * LOW HITPOINT WARNING * * *
You tentacle-slap the scorpion but do no damage.
The scorpion is severely wounded.
You constrict the scorpion, but do no damage.
You feel sick.
The scorpion stings you but does no damage.
You tentacle-slap the scorpion but do no damage.
You squeeze the scorpion!
You kill the scorpion!
You feel sick.
You have reached level 6!
You tentacle-slap the kobold but do no damage.
Your grab misses the kobold. Your squeeze misses the kobold.
You feel sick.
The kobold hits you with a +0 short sword.
* * * LOW HITPOINT WARNING * * *
Unknown command.
You tentacle-slap the kobold but do no damage.
Your grab misses the kobold.
You pierce the kobold.
You kill the kobold!
* * * LOW HITPOINT WARNING * * *
You feel sick.
You are no longer poisoned.
Unknown command.
Unknown command.
The endoplasm quivers.
You tentacle-slap the endoplasm but do no damage.
The endoplasm jiggles.
The endoplasm freezes you.
You are frozen.
You die...

.# ####..........
.###.........##
..............# #########
.###..........# #.^......
.# #..........# #........
.# #..........## #........
.###...........###........
..8.............>J........
.............#..@#$.......
<...8##########..#..$.....
[...........# #..#.......(
..∩...8####.# ##.#........
.......####.# #.)###J####
8...>.......# #..# w#
..........### ##.. .#
#.8........... ..
#.........####


You could see an endoplasm.

Vanquished Creatures
  2 scorpions
  8 adders
  A dart slug (D:1)
  5 orcs (D:3)
  6 bats
  2 endoplasms (D:3)
  A giant cockroach (D:1)
  7 goblins
  3 hobgoblins
  A quokka (D:2)
  3 ball pythons (D:1)
  5 frilled lizards
  8 kobolds
  2 rats (D:1)
54 creatures vanquished.

Vanquished Creatures (others)
  2 plants
2 creatures vanquished.

Grand Total: 56 creatures vanquished

Notes
Turn   | Place    | Note
-------+----------+-------------------------------------------
     0 | D:1      | ytrimaz the Octopode Transmuter began the quest for the
                  | Orb.
     0 | D:1      | Reached XP level 1. HP: 13/13 MP: 3/3
   165 | D:1      | Reached XP level 2. HP: 18/18 MP: 3/5
  1155 | D:1      | Reached XP level 3. HP: 18/23 MP: 4/6
  1162 | D:1      | Learned a level 3 spell: Spider Form
  1544 | D:1      | Found a faded altar of an unknown god.
  1549 | D:1      | Prayed at the altar of an unknown god.
  1549 | D:1      | Became a worshipper of Ashenzari the Shackled
  2069 | D:2      | Gained mutation: You are partially covered in iridescent
                  | scales. (AC +2) [potion of mutation]
  2069 | D:2      | Gained mutation: You do not regenerate when monsters are
                  | visible. [potion of mutation]
  2270 | D:2      | Reached XP level 4. HP: 28/28 MP: 5/7
  3158 | D:3      | Reached skill level 4 in Unarmed Combat
  3284 | D:3      | Noticed a scorpion
  3295 | D:3      | Killed a scorpion
  3296 | D:3      | Reached XP level 5. HP: 20/34 MP: 9/9
  3573 | D:4      | Found Eruss's Distillery.
  4035 | D:4      | Reached XP level 6. HP: 6/39 MP: 9/11
  4036 | D:4      | HP: 1/39 [poisoned by a scorpion]
  4037 | D:4      | Frozen to death by an endoplasm

Illustrated notes

Levels and vault maps discovered:
D:1:      dpeg_arrival_radiant, layout_basic, shapermc_ecumenical_altar_petra,
          minmay_close_crescents
D:2:      cheibrodos_old_hovel, layout_rooms, minmay_liquid_box
D:3:      layout_loops_ring
D:4:      layout_basic, serial_shops, kennysheep_mini_moat,
          nicolae_shop_hallway_plus, nicolae_stop_n_shop_1, shop,
          shop_fountains, minmay_a_box_with_orc_wizards_in_it, uniq_menkaure

Skill      XL: |  1  2  3  4 |
---------------+-------------+-----
Unarmed Combat | 4 |  4.5
Fighting       | 2 |  2.2
Spellcasting   | 3 |  3.4
Transmutations | 3 |  3.3
Dodging        | |  2.0

Action                   |  1- 3 |  4- 6 || total
-------------------------+-------+-------++-------
Melee: Unarmed           |    76 |    68 ||   144
       Kick              |    10 |    11 ||    21
       Constrict         |    18 |    20 ||    38
       Tentacles         |     9 |    14 ||    23
       Punch             |       |     4 ||     4
 Cast: Beastly Appendage |    12 |     6 ||    18
  Use: Scroll            |     6 |     5 ||    11
       Potion            |     1 |     2 ||     3
 Stab: Sleeping          |     5 |     1 ||     6
Armor: Skin              |     8 |    17 ||    25
Dodge: Dodged            |    58 |    28 ||    86

Table legend: (Time is in decaauts)
 A = Elapsed time spent in this place.
 B = Non-inter-level travel time spent in this place.
 C = Inter-level travel time spent in this place.
 D = Time resting spent in this place.
 E = Time spent auto-exploring this place.
 F = Levels seen in this place.
 G = Mean time per level.
                   A        B        C        D        E       F      G
               +--------+--------+--------+--------+--------+-----+--------+
         Total |   4027 |   3954 |     73 |    643 |   2845 |   4 | 1006.8 |
       Dungeon |   4027 |   3954 |     73 |    643 |   2845 |   4 | 1006.8 |
               +--------+--------+--------+--------+--------+-----+--------+

Top non-repeatable levels by time:
     D:1: 1592 daAuts
     D:3: 1160 daAuts
     D:2: 811 daAuts
     D:4: 462 daAuts
